Map: Dreamcatcher LE

Players

jheffe

  • Race: Terran Terran
  • Spawn Location: 5:00

Silky - Winner!

  • Race: Zerg Zerg
  • Spawn Location: 11:00

Event: WCS Montreal 2018

VOD

Have the link to the VOD?

Description

Time

  • Played on: Sept. 7, 2018, 12:31 p.m.
  • Length: 12:23

All games in this series

Show
View Real Time Build Order
Export as new Build Order

jheffe Terran 

Build Orders: Liberator Opening, Reaper Expand, Bio Tank 

Get SALT Encoding   

  12  0:02  SCV  
  13  0:14  SCV  
  13  0:18  Supply Depot  
  14  0:26  SCV  
  15  0:39  SCV  
  15  0:42  Barracks  
  16  0:44  Refinery  
  16  0:52  SCV  
  17  1:04  SCV  
  18  1:16  SCV  
  19  1:30  Reaper, Orbital Command  
  20  1:42  Command Center  
  20  1:53  Supply Depot  
  20  1:56  SCV  
  21  2:02  Marine  
  21  2:08  SCV  
  23  2:10  Factory  
  23  2:14  Refinery  
  23  2:20  SCV  
  23  2:22  Barracks Reactor  
  24  2:32  SCV  
  25  2:44  SCV  
  26  2:55  Starport  
  26  2:56  SCV  
  27  2:59  Orbital Command  
  27  3:05  Hellion  
  29  3:08  Barracks Tech Lab  
  29  3:10  SCV  
  30  3:18  Supply Depot  
  30  3:22  SCV  
  30  3:25  SCV  
  30  3:27  Hellion x2  
  36  3:28  Liberator  
  36  3:38  SCV  
  37  3:42  SCV  
  37  3:43  Supply Depot  
  41  3:50  Hellion x2, SCV  
  41  3:53  Barracks Tech Lab  
  41  3:54  SCV  
  47  4:02  SCV  
  48  4:06  SCV  
  48  4:09  Command Center  
  49  4:12  Supply Depot  
  49  4:14  SCV  
  50  4:22  Stimpack, Marine  
  50  4:23  SCV  
  52  4:30  Barracks  
  50  4:42  Command Center  
  50  4:47  SCV, Factory Reactor  
  50  4:48  Marine  
  50  4:49  Barracks  
  50  4:50  SCV  
  53  4:57  Starport Reactor  
  53  4:59  SCV  
  54  5:02  SCV  
  54  5:05  Engineering Bay  
  55  5:07  Engineering Bay  
  55  5:11  SCV, Marine  
  57  5:14  SCV  
  57  5:19  Marine x2  
  58  5:23  SCV  
  58  5:24  Refinery  
  58  5:25  Refinery  
  58  5:26  SCV  
  57  5:32  Marine  
  57  5:35  Terran Infantry Armor Level 1, Terran Infantry Weapons Level 1, SCV  
  59  5:38  SCV, Marine, Siege Tank  
  64  5:43  Marine  
  64  5:47  SCV  
  66  5:50  SCV, Marine  
  66  5:51  Marine x2  
  66  5:57  Orbital Command  
  70  5:59  SCV  
  70  6:03  Marine x2  
  73  6:07  Medivac x2, Supply Depot x2  
  73  6:08  SCV  
  73  6:10  Siege Tank  
  81  6:12  SCV  
  81  6:15  Marine x2  
  81  6:16  Marine  
  85  6:23  Barracks  
  85  6:26  Barracks, Orbital Command  
  85  6:29  SCV x2, Marine x2  
  85  6:30  Supply Depot  
  85  6:32  Combat Shields  
  89  6:33  Marine  
  89  6:36  Marine x2  
  92  6:46  Marine  
  93  6:49  Marine  
  93  6:50  Siege Tank  
  93  6:51  Marine  
  93  6:54  SCV  
  99  6:56  SCV x2  
  99  6:57  Supply Depot  
  101  7:01  Armory  
  101  7:06  SCV  
  100  7:08  SCV  
  100  7:15  Marine x5  
  93  7:17  Barracks Reactor x2  
  93  7:18  SCV x2  
  93  7:22  Siege Tank  
  94  7:23  SCV  
  84  7:32  Marine  
  84  7:33  Marine x4  
  86  7:40  Medivac  
  87  7:50  Marine x2  
  87  7:51  Marine x3  
  91  7:54  Siege Tank  
  91  7:56  Marine x3, Orbital Command  
  97  8:03  Terran Infantry Weapons Level 2, Terran Infantry Armor Level 2  
  97  8:05  SCV x2  
  98  8:08  Marine  
  98  8:12  Marine x5  
  102  8:18  SCV x2  
  106  8:21  Factory  
  106  8:25  Marine x3  
  106  8:26  Marine  
  110  8:27  Medivac x2  
  114  8:36  SCV x2  
  114  8:38  Marine  
  117  8:42  Marine x2  
  117  8:45  Command Center, SCV  
  117  8:48  SCV x2  
  119  8:53  Marine x3  
  122  8:57  Medivac x2  
  122  9:01  Supply Depot x2  
  126  9:03  SCV  
  126  9:04  Factory Tech Lab  
  126  9:06  SCV  
  129  9:10  SCV  
  129  9:14  Marine x3  
  129  9:15  Refinery  
  132  9:22  Refinery  
  132  9:26  Marine x4  
  132  9:27  Marine  
  132  9:30  Siege Tank  
  140  9:34  Siege Tank  
  143  9:43  Marine x4  
  143  9:44  Marine  
  148  10:00  Liberator, Barracks x3, Marine x4  
  148  10:01  Marauder  
  150  10:13  Siege Tank x2  
  156  10:15  Ghost Academy, Marine x3  
  161  10:33  SCV  
  161  10:34  SCV x2  
  155  10:37  Marine  
  155  10:38  Marine  
  141  10:55  Siege Tank  
  144  10:58  Siege Tank  
  144  11:03  Liberator x2  
  147  11:10  SCV x3  
  144  11:18  Barracks Tech Lab x2  
  144  11:23  Marine x3  
  144  11:24  Marine  
  133  11:27  Siege Tank  
  133  11:31  Siege Tank  
  115  11:38  Supply Depot  
  115  11:40  Barracks Tech Lab  
  119  11:54  Marine x4  
  119  11:55  Marauder  
Show
View Real Time Build Order
Export as new Build Order

Silky Zerg - Winner!

Build Orders: Hatch First 

Get SALT Encoding   

  12  0:00  Drone  
  13  0:12  Overlord  
  13  0:16  Drone  
  14  0:30  Drone x2  
  16  0:47  Hatchery  
  15  0:50  Drone  
  15  0:54  Drone  
  17  0:57  Drone  
  18  1:07  Extractor  
  17  1:13  Spawning Pool  
  17  1:16  Drone  
  17  1:19  Drone  
  18  1:28  Drone  
  19  1:38  Drone  
  20  1:49  Overlord  
  20  1:59  Queen x2  
  20  2:00  Zergling x4  
  26  2:08  Metabolic Boost  
  26  2:10  Drone  
  26  2:11  Drone  
  28  2:29  Hatchery  
  27  2:33  Drone  
  28  2:40  Queen  
  30  2:45  Overlord  
  30  2:47  Drone  
  30  2:50  Drone  
  32  2:53  Drone  
  32  2:57  Drone x2  
  35  3:05  Drone x2  
  37  3:09  Drone x3  
  40  3:15  Overlord  
  40  3:17  Drone  
  41  3:23  Queen  
  43  3:30  Drone  
  44  3:35  Zergling x4  
  46  3:42  Drone, Queen  
  46  3:43  Drone x2  
  46  3:47  Overlord  
  51  3:51  Zergling x2  
  51  3:52  Zergling x2  
  53  3:56  Zergling x6  
  53  3:58  Queen  
  58  4:05  Lair  
  58  4:08  Drone x2, Baneling Nest  
  59  4:17  Overlord  
  59  4:22  Zergling x10  
  64  4:26  Drone x2  
  66  4:33  Overlord  
  66  4:34  Spore Crawler  
  66  4:35  Spore Crawler  
  61  4:38  Overlord  
  61  4:40  Drone x4  
  61  4:44  Drone x2  
  66  4:47  Extractor  
  66  4:49  Extractor  
  66  4:51  Drone x2  
  66  4:53  Overlord  
  66  4:54  Drone x2  
  68  5:01  Zergling x2  
  68  5:02  Drone x2  
  71  5:08  Centrifical Hooks  
  71  5:10  Drone x3  
  71  5:12  Drone x3  
  77  5:16  Drone x4  
  81  5:24  Drone x3  
  84  5:29  Drone  
  84  5:30  Evolution Chamber  
  84  5:31  Evolution Chamber  
  84  5:33  Extractor x2  
  81  5:36  Drone x5  
  86  5:45  Hatchery  
  86  5:49  Drone x4, Overlord  
  89  5:55  Zergling x2  
  90  5:57  Overlord  
  90  5:59  Hatchery  
  90  6:01  Drone  
  90  6:03  Overlord  
  90  6:05  Zerg Melee Weapons Level 1  
  90  6:10  Zerg Ground Armor Level 1  
  90  6:13  Zergling x8  
  90  6:14  Zergling x2  
  95  6:19  Zergling x8  
  95  6:20  Zergling x2  
  95  6:23  Drone, Hydralisk Den  
  100  6:28  Baneling x9  
  100  6:29  Zergling x2  
  100  6:30  Zergling x4  
  103  6:33  Zergling x4  
  103  6:34  Zergling x2  
  106  6:42  Zergling x10  
  110  6:47  Zergling x2  
  110  6:52  Zergling x2  
  110  6:53  Baneling x6  
  110  6:54  Baneling  
  110  6:56  Zergling x8  
  110  7:00  Zergling x4  
  110  7:01  Zergling x6  
  119  7:13  Overlord  
  119  7:15  Drone x3  
  118  7:21  Muscular Augments, Overlord  
  118  7:22  Infestation Pit, Drone x3  
  120  7:23  Drone x2  
  120  7:29  Hydralisk x4  
  118  7:35  Overlord  
  121  7:39  Overlord  
  121  7:42  Zergling x16, Hatchery  
  123  7:46  Queen  
  123  7:51  Drone x5  
  119  7:59  Drone x3, Hive  
  119  8:04  Zerg Melee Weapons Level 2  
  122  8:09  Zerg Ground Armor Level 2  
  122  8:10  Drone  
  122  8:11  Drone  
  122  8:16  Drone x4  
  122  8:17  Drone  
  122  8:19  Baneling x2  
  124  8:20  Baneling  
  124  8:24  Drone x3  
  124  8:25  Drone x2  
  129  8:30  Zergling x12  
  129  8:32  Grooved Spines  
  135  8:34  Hydralisk x2  
  135  8:38  Zergling x2  
  135  8:39  Zergling x6  
  143  8:43  Overlord  
  143  8:44  Zergling x8  
  145  8:53  Zergling x8  
  147  9:09  Baneling x10  
  147  9:10  Hydralisk x7  
  147  9:12  Viper  
  147  9:15  Extractor, Drone  
  147  9:16  Overlord  
  164  9:17  Extractor  
  164  9:18  Drone  
  164  9:20  Hatchery  
  163  9:33  Overlord  
  163  9:42  Drone x5  
  163  9:44  Hydralisk x2  
  172  9:47  Ultralisk Cavern, Overlord x2, Adrenal Glands  
  172  9:48  Overlord  
  172  9:49  Baneling  
  172  9:50  Baneling x8  
  171  9:54  Zergling x2  
  171  9:55  Zergling x10  
  171  9:58  Drone x2, Spore Crawler  
  171  9:59  Drone x2, Spore Crawler x3  
  177  10:01  Zergling x6  
  177  10:12  Drone x2  
  177  10:14  Spire, Viper  
  178  10:18  Drone x2  
  178  10:20  Evolution Chamber x2  
  181  10:25  Zergling x2  
  181  10:26  Zergling x22  
  191  10:40  Chitinous Plating  
  181  11:11  Ultralisk x3  
  188  11:32  Hatchery  
  169  11:35  Zergling x34  
  169  11:36  Zergling x6  
  169  11:37  Queen  
  190  11:40  Viper x2  
  190  11:43  Extractor, Drone x2  
  190  11:44  Extractor  
  190  11:46  Spore Crawler x2, Spine Crawler  
  193  11:47  Spore Crawler  
  193  11:49  Spore Crawler  
  193  11:51  Baneling x6  
  193  11:53  Drone x3  
  193  11:54  Drone, Spine Crawler x2  
  195  11:57  Spore Crawler  
Tags
 
Add a new tag
Caveats
  • Supply blocks, unpowered buildings, or Contaminate may cause inaccurate times.
  • Supply counts are checked every 10 seconds.